 Dungeon Crawl Stone Soup version 0.25-a0-1133-g93ebf73 (webtiles) character file.

Game seed: 18270006022562926643, levelgen mode: deterministic

31 thirtiethelement the Stinger (level 3, 0/21 HPs)
             Began as an Octopode Venom Mage on May 21, 2020.
             Was a Plaything of Xom.
             Slain by a kobold
             ... wielding a cursed -3 short sword
              (7 damage)
             ... on level 2 of the Dungeon.
             The game lasted 00:05:56 (751 turns).

thirtiethelement the Stinger (Octopode Venom Mage)   Turns: 751, Time: 00:05:56

Health: 0/21       AC:  1    Str:  7    XL:     3   Next: 22%
Magic:  6/6        EV: 13    Int: 17    God:    Xom [...*..]
Gold:   22         SH:  0    Dex: 13    Spells: 5/6 levels left

rFire    . . .     SeeInvis .   g - +0 dagger
rCold    . . .     Gourm    .   (no shield)
rNeg     . . .     Faith    .   (helmet restricted)
rPois    .         Spirit   .   (no amulet)
rElec    .         Reflect  .   (no ring)
rCorr    .         Harm     .   (no ring)
MR       .....                  (no ring)
Stlth    +++.......             (no ring)
HPRegen  0.07/turn              (no ring)
MPRegen  0.10/turn              (no ring)
                                (no ring)
                                (no ring)

@: no status effects
A: almost no armour, stealthy swim, amphibious, 8 rings, constrict 8, camouflage
1, gelatinous body 1
a: Renounce Religion


You were on level 2 of the Dungeon.
You worshipped Xom.
You were a favourite toy of Xom.
You were not hungry.

You visited 1 branch of the dungeon, and saw 2 of its levels.

You collected 22 gold pieces.

Inventory:

Hand Weapons
 g - a +0 dagger (weapon)
Scrolls
 c - a scroll of remove curse {unknown}
 f - a scroll of fear {unknown}
 h - a scroll of identify {unknown}
Potions
 a - a potion of curing {unknown}
 d - a potion of brilliance {unknown}
 e - a potion of berserk rage {unknown}
Comestibles
 b - 3 rations


   Skills:
 + Level 0.1 Fighting
 + Level 2.2 Dodging
 + Level 3.2 Stealth
 + Level 0.2 Unarmed Combat
 + Level 2.2 Spellcasting
 + Level 1.7 Transmutations
 + Level 4.0 Poison Magic


You had 5 spell levels left.
You knew the following spells:

 Your Spells              Type           Power        Failure   Level  Hunger
a - Sting                 Tmut/Pois      ##..         6%          1    #......

Your spell library contained the following spells:

 Spells                   Type           Power        Failure   Level  Hunger
 Poisonous Vapours        Pois/Air       #.....       12%         2    ###....
 Ignite Poison            Fire/Tmut/Pois #.......     26%         3    ###....
 Mephitic Cloud           Conj/Pois/Air  #.......     32%         3    ###....
 Olgreb's Toxic Radiance  Pois           ###.....     34%         4    #####..


Dungeon Overview and Level Annotations

Branches:
Dungeon (2/15)

Altars:
Makhleb
Xom


Innate Abilities, Weirdness & Mutations

You cannot wear most types of armour.
You are very stealthy in the water. (Stealth+)
You are amphibious.
You can wear up to eight rings at the same time.
You can use your tentacles to constrict eight enemies at once.
Your skin changes colour to match your surroundings (Stealth+).
Your rubbery body absorbs attacks. (AC +1, EV +1)


Message History

You barely miss the kobold. You grab the kobold. You constrict the kobold.
The kobold hits you.
You hit the kobold.
The kobold is severely wounded.
You constrict the kobold.
You kill the kobold!
Found a mace.
Things that are here:
a kobold corpse; a jackal corpse x2
A kobold comes into view. It is wielding a -3 short sword.
You completely miss the kobold.
The kobold shouts!
You grab the kobold.
You constrict the kobold, but do no damage.
The kobold hits you but does no damage.
You completely miss the kobold.
You constrict the kobold, but do no damage.
The kobold hits you with a cursed -3 short sword!
You die... "I guess I need a new plaything now."

#......#
#####..#
#.#####((#
#........#
########.#
#.#
##†######
####...)...#
#.@......#.#
#K##........
#. ......#.#
.......#.# #
##.##..##.#
#. .... ..
## ##.## #
+#


You could see a kobold.

Vanquished Creatures
  A worm (D:2)
  3 leopard geckos
  A ball python (D:1)
  A goblin (D:1)
  2 hobgoblins
  2 jackals (D:2)
  5 kobolds
  4 bats
  6 rats
25 creatures vanquished.

Notes
Turn   | Place    | Note
-------+----------+-------------------------------------------
     0 | D:1      | thirtiethelement the Octopode Venom Mage began the quest
                  | for the Orb.
     0 | D:1      | Reached XP level 1. HP: 11/11 MP: 3/3
    23 | D:1      | Found a shimmering altar of Xom.
    29 | D:1      | Became a worshipper of Xom of Malicious Giggling
   110 | D:1      | XOM: butterfly on damage
   296 | D:1      | XOM: cloud trail
   361 | D:1      | Reached XP level 2. HP: 17/17 MP: 5/5
   414 | D:1      | You fall into a shaft and drop 1 floor!
   640 | D:2      | XOM: silly message
   644 | D:2      | Reached skill level 4 in Poison Magic
   651 | D:2      | Found a burning altar of Makhleb.
   653 | D:2      | Found a shimmering altar of Xom.
   669 | D:2      | Reached XP level 3. HP: 10/21 MP: 6/6
   737 | D:2      | XOM: noise
   751 | D:2      | Slain by a kobold

Illustrated notes

Levels and vault maps discovered:
D:1:      minmay_arrival_wavy_path, layout_loops_ring, st_stairs_9,
          xom_teletrap_fun
D:2:      layout_loops_corners, nicolae_overflow_hidden_temple

Skill      XL: |  1  2 |
---------------+-------+-----
Poison Magic   | 4 |  4.0
Stealth        | 3 |  3.2
Fighting       | |  0.1
Dodging        | |  2.2
Unarmed Combat | |  0.2
Spellcasting   | |  2.2
Transmutations | |  1.7

Action                   || total
-------------------------++-------
Melee: Unarmed           ||    25
       Constrict         ||    16
       Tentacles         ||     5
       Dagger            ||    30
 Cast: Sting             ||    16
 Stab: Sleeping          ||     6
Armor: Skin              ||     7
Dodge: Dodged            ||    39

Table legend:
 A = Non-vault XP
 B = Vault XP
 C = Vault XP percentage of total XP
 D = Non-vault monster count
 E = Vault monster count
 F = Vault count percentage of total count
                 A         B        C        D         E       F
            +---------+---------+-------+---------+---------+-------
      Total |      41 |       4 |   8.9 |      23 |       2 |   8.0
            +---------+---------+-------+---------+---------+-------
        D:1 |      17 |       4 |  19.0 |      12 |       2 |  14.3
        D:2 |      24 |       0 |   0.0 |      11 |       0 |   0.0
            +---------+---------+-------+---------+---------+-------
